AoeStats
← PetersCZ

African Clearing

510723621Analyzed
4v4 RM · 1d ago on Oct 2, 2026· 45m 51s· 8 players
Game mode
Random Map
Map size
Large (8 player)
Population
200
Speed
Normal
Resources
Standard
Victory
Conquest
Starting age
Dark Age
Ending age
Imperial Age
RankedLock teamsTeams togetherTeam positionsShared explorationLock speedFull tech treeHidden civsTurbo modeCheats
Victory
Defeat
🇨🇳 Maya · China
1466
+15
🇲🇴 Lithuanians · Macao SAR China
1463
+15
🇨🇳 Koreans · China
1435
+16
🇨🇳 Aztecs · China
1420
+17
🇬🇧 Koreans · United Kingdom
1487
-17
🇨🇿 Bohemians · Czechia
1454
-16
🇳🇱 Chinese · Netherlands
1450
-16
🇨🇳 Huns · China
1393
-14
jimmy211211
6:13 Loom
12:30 Feudal Age
15:11 Fletching
22:12 Double-Bit Axe
26:26 Castle Age
28:38 Bow Saw
29:58 Horse Collar
30:39 Heavy Plow
34:35 Wheelbarrow
36:22 Hand Cart
35:48 Pikeman
36:28 Squires
36:14 Arson
37:19 Forging
37:09 Scale Mail Armor
42:41 Imperial Age
41:31 Iron Casting
41:11 Chain Mail Armor
42:49 Town Watch
42:51 Halberdier
43:52 Capped Ram
农夫累
5:33 Loom
13:17 Feudal Age
17:14 Castle Age
16:13 Double-Bit Axe
16:19 Gold Mining
16:47 Stone Mining
17:25 Fletching
21:26 Bodkin Arrow
22:05 Padded Archer Armor
25:53 Bow Saw
28:10 Wheelbarrow
27:57 Town Watch
29:55 Leather Archer Armor
34:16 Imperial Age
32:57 Hand Cart
35:02 Bracer
36:04 Chemistry
35:24 Ballistics
38:53 Conscription
38:40 Thumb Ring
39:16 Ring Archer Armor
39:27 Elite Plumed Archer
40:41 Pikeman
41:22 Squires
41:23 Scale Mail Armor
41:54 Horse Collar
42:35 Halberdier
44:12 Coinage
43:49 Arson
44:20 Chain Mail Armor
45:27 Heavy Plow
ahjol
8:04 Loom
12:25 Feudal Age
13:36 Double-Bit Axe
17:28 Castle Age
15:54 Stone Mining
16:38 Gold Mining
17:22 Town Watch
20:02 Fletching
22:49 Bodkin Arrow
25:29 Bow Saw
27:53 Ballistics
30:07 Wheelbarrow
35:28 Imperial Age
34:10 Scale Mail Armor
34:20 Forging
35:20 Squires
35:36 Chain Mail Armor
35:32 Forging
35:35 Treadmill Crane
37:09 Conscription
38:50 Murder Holes
40:11 Plate Mail Armor
39:51 Forging
42:44 Iron Casting
42:43 Elite Fire Lancer
44:45 Masonry
44:48 Arson
usqyn
12:36 Feudal Age
11:38 Loom
14:17 Town Watch
16:48 Castle Age
14:56 Gold Mining
15:13 Double-Bit Axe
15:45 Horse Collar
28:34 Fletching
34:17 Wheelbarrow
34:20 Heavy Plow
36:14 Forging
39:00 Gold Shaft Mining
38:53 Scale Mail Armor
40:52 Chain Mail Armor
42:13 Iron Casting
41:43 Bodkin Arrow
41:25 Pikeman
42:05 Squires
43:19 Hand Cart
Sneeuwgans
3:45 Loom
11:39 Feudal Age
14:20 Wheelbarrow
16:05 Horse Collar
19:29 Double-Bit Axe
23:39 Castle Age
22:13 Gold Mining
22:16 Fletching
23:46 Padded Archer Armor
24:02 Elite Skirmisher
26:48 Bodkin Arrow
milopokerboy
8:53 Loom
13:08 Feudal Age
14:07 Double-Bit Axe
18:20 Fletching
PetersCZ
3:50 Loom
13:01 Feudal Age
16:48 Castle Age
15:33 Double-Bit Axe
19:25 Fletching
22:15 Bow Saw
后入显风格
4:50 Loom
12:47 Feudal Age
14:12 Double-Bit Axe
16:36 Castle Age
14:47 Horse Collar
19:47 Wheelbarrow
19:36 Bow Saw
24:22 Fletching
28:22 Scale Barding Armor
31:02 Imperial Age
29:55 Chain Barding Armor
29:44 Husbandry
29:54 Bloodlines
30:10 Marauders
30:35 Gold Mining
32:22 Forging
32:50 Heavy Plow
33:27 Plate Barding Armor
36:46 Conscription
36:08 Light Cavalry
37:55 Iron Casting
38:49 Elite Tarkan
Connection lost

Rejoining the realm…

Still unreachable

The connection could not be restored.

Session expired

The server has moved on; the page needs a fresh start.